 Dungeon Crawl Stone Soup version 0.31-a0-532-g28f74ba3e5 (webtiles) character file.

Game seed: 11943467194244582639

76 avis the Chopper (level 4, 0/40 HPs)
             Began as a Hill Orc Monk on Aug 12, 2023.
             Succumbed to a goblin's poison
             ... on level 2 of the Dungeon.
             The game lasted 00:05:52 (1387 turns).

avis the Chopper (Hill Orc Monk)                    Turns: 1387, Time: 00:05:52

Health: 0/40       AC:  9    Str: 15    XL:     4   Next: 32%
Magic:  4/4        EV:  7    Int: 10    God:
Gold:   102        SH:  0    Dex: 13    Spells: 3/3 levels left

rFire   . . .        a - +0 hand axe
rCold   . . .        d - orb {light}
rNeg    . . .        e - +0 chain mail
rPois   .            (no helmet)
rElec   .            (no cloak)
rCorr   .            f - +0 pair of gloves
SInv    .            (no boots)
Will    .....        (no amulet) Stlth
                     (no ring)
HPRegen 0.26/turn    (no ring)
MPRegen 0.09/turn

%: no passive effects
@: confused, lethally poisoned (0 -> -28), ambrosia-drunk, glowing
A: no striking features
a: no special abilities


You were on level 2 of the Dungeon.
You visited 1 branch of the dungeon, and saw 2 of its levels.

You collected 102 gold pieces.

Inventory:

Hand Weapons
 a - a +0 hand axe (weapon)
 b - a +0 sling
Missiles
 i - 6 boomerangs
Armour
 d - an orb of light (worn)
 e - a +0 chain mail (worn)
 f - a +0 pair of gloves (worn)
 n - a +0 robe
Talismans
 m - a flux talisman
Scrolls
 g - a scroll of teleportation {unknown}
 k - 4 scrolls of identify {unknown}
Potions
 h - 3 potions of haste {unknown}
 j - 3 potions of curing {unknown}
 l - a potion of lignification {unknown}


   Skills:
 - Level 4.0 Fighting
 * Level 6.2 Axes
 - Level 1.0 Armour
 - Level 2.4 Dodging


You had 3 spell levels left.
You didn't know any spells.
Your spell library contained the following spells:

 Spells                   Type           Power      Damage    Failure   Level
 Apportation              Tloc           0%         N/A       99%         1
 Alistair's Intoxication  Tmut/Pois      0%         N/A       100%        5


Dungeon Overview and Level Annotations

Branches:
Dungeon (2/15)

Altars:
Gozag

Annotations:
D:2 Robin


Message History

You kill the goblin!
Robin zaps a wand.
The puff of flame hits you. The goblin barely misses you.
You barely miss the goblin.
Robin zaps a wand.
The puff of flame hits you!
The goblin hits you with a +0 dagger of venom.
* * * LOW HITPOINT WARNING * * *
You are poisoned.
You are confused.
You feel invigorated.
You feel sick.
The goblin hits you with a +0 dagger of venom.
You are more poisoned.
You bump into the rock wall.
You feel very sick.
The goblin no longer looks unusually strong.
Robin roars a battlecry!
The goblin goes into a battle-frenzy!
The goblin hits you but does no damage.
You are lethally poisoned!
You bump into the rock wall.
You feel very sick. Robin hits you with a +4 short sword.
The goblin hits you but does no damage.
You bump into the rock wall.
You feel very sick.
Robin says, "My army is invincible!"
Robin barely misses you. The goblin hits you but does no damage.
You are lethally poisoned!
You barely miss the goblin. You hit Robin.
* * * LOW HITPOINT WARNING * * *
You feel very sick.
The hobgoblin no longer looks unusually strong.
Robin hits you but does no damage. The goblin hits you but does no damage.
You are more poisoned.
You bump into the rock wall.
* * * LOW HITPOINT WARNING * * *
You feel extremely sick.
Robin zaps a wand.
The puff of flame hits you!
* * * LOW HITPOINT WARNING * * *
The goblin hits you but does no damage.
You are more poisoned.
You bump into the rock wall.
You die...

....##......#.##...#.##
........##.#...#......#
.....#............##..#
####.#.#########.......#
#....<.#.......#.......#
#.####.#.#####.####..#.#
#.# ###.# #...##..#.#
..# ####.# ###g##..###
#.###.##.# #@# .#
...##.##.#######g# #
##............##g# .####
#............##)##..g..#
##...........##))..#
#..._.......#.[...#
##..........#.###...#
#........#.#. ####
##..######...


You could see Robin, a hobgoblin and a goblin (strong).

Vanquished Creatures
  4 adders (D:2)
  A worm (D:2)
  A dart slug (D:2)
  2 ball pythons
  A giant cockroach (D:1)
  13 goblins
  3 hobgoblins
  5 kobolds
  2 frilled lizards
  A rat (D:1)
33 creatures vanquished.

Vanquished Creatures (others)
  A goblin (D:2)
1 creature vanquished.

Grand Total: 34 creatures vanquished

Notes
Turn   | Place    | Note
-------+----------+-------------------------------------------
     0 | D:1      | avis the Hill Orc Monk began the quest for the Orb.
     0 | D:1      | Reached XP level 1. HP: 19/19 MP: 1/1
   392 | D:1      | Reached XP level 2. HP: 22/26 MP: 2/2
   469 | D:1      | Reached skill level 1 in Armour
   988 | D:2      | Reached skill level 5 in Axes
  1088 | D:2      | Reached XP level 3. HP: 31/31 MP: 3/3
  1260 | D:2      | Found an opulent altar of Gozag.
  1322 | D:2      | Reached skill level 6 in Axes
  1322 | D:2      | Reached XP level 4. HP: 31/40 MP: 4/4
  1362 | D:2      | Noticed Robin
  1386 | D:2      | HP: 1/40 [Robin/puff of flame (8)]
  1387 | D:2      | Succumbed to a goblin's poison

Illustrated notes

Levels and vault maps discovered:
D:1:      dpeg_arrival_court, layout_basic, nicolae_kite_square_tiling_tiny,
          kennysheep_nondescript
D:2:      layout_basic, basic_altar, uniq_robin

Skill      XL: |  1  2  3 |
---------------+----------+-----
Armour         | 1 |  1.0
Axes           | 5 6 |  6.2
Fighting       | 4 |  4.0
Dodging        | |  2.4

Action                     |  1- 3 |  4- 6 || total
---------------------------+-------+-------++-------
  Melee: Hand axe          |    82 |    15 ||    97
    Use: Potion            |       |     1 ||     1
 Armour: Chain mail        |    36 |    18 ||    54
  Dodge: Dodged            |    23 |    12 ||    35

Table legend: (Time is in decaauts)
 A = Elapsed time spent in this place.
 B = Non-inter-level travel time spent in this place.
 C = Inter-level travel time spent in this place.
 D = Time resting spent in this place.
 E = Time spent auto-exploring this place.
 F = Levels seen in this place.
 G = Mean time per level.
                   A        B        C        D        E       F      G
               +--------+--------+--------+--------+--------+-----+--------+
         Total |   1390 |   1235 |    155 |     34 |    848 |   2 |  695.0 |
       Dungeon |   1390 |   1235 |    155 |     34 |    848 |   2 |  695.0 |
               +--------+--------+--------+--------+--------+-----+--------+

Top non-repeatable levels by time:
     D:1: 907 daAuts
     D:2: 483 daAuts
